 Dungeon Crawl Stone Soup version 0.24.0-123-gd5b16e6ec5 (webtiles) character file.

Game seed: 10239350548379826087, levelgen mode: deterministic

168 markt42 the Covered (level 5, -4/32 HPs)
             Began as a Gargoyle Fighter on Jan 5, 2020.
             Was an Initiate of Okawaru.
             Slain by an ogre
             ... wielding a +0 giant club
              (13 damage)
             ... on level 4 of the Dungeon.
             The game lasted 00:04:08 (2396 turns).

markt42 the Covered (Gargoyle Fighter)              Turns: 2396, Time: 00:04:08

Health: -4/32      AC: 11    Str: 19 (20) XL:     5   Next: 48%
Magic:  5/5        EV:  7    Int:  8      God:    Okawaru [......]
Gold:   235        SH:  9    Dex: 10      Spells: 4/4 levels left

rFire    . . .     SeeInvis .   d - +3 flail (holy)
rCold    . . .     Gourm    .   c - +0 shield
rNeg     + . .     Faith    .   b - +0 scale mail
rPois    ∞         Spirit   .   (helmet restricted)
rElec    +         Reflect  .   (no cloak)
rCorr    .         Harm     .   (no gloves)
MR       .....                  (no boots)
Stlth    ..........             (no amulet)
HPRegen  0.10/turn              (no ring)
MPRegen  0.09/turn              (no ring)

@: hasted, very quick
A: horns 1, deterioration 1, negative energy resistance 1, electricity
resistance, wild magic 1, unbreathing, petrification resistance, rot immunity,
AC +4
a: Renounce Religion


You were on level 4 of the Dungeon.
You worshipped Okawaru.
Okawaru was noncommittal.
You were not hungry.

You visited 1 branch of the dungeon, and saw 4 of its levels.

You collected 235 gold pieces.

Inventory:

Hand Weapons
 d - a +3 flail of holy wrath (weapon)
Armour
 b - a +0 scale mail (worn)
 c - a +0 shield (worn)
Wands
 l - a wand of digging (5)
Scrolls
 a - 5 scrolls of identify {unknown}
 j - a scroll of amnesia {unknown}
 k - 2 scrolls of magic mapping
 m - a scroll of remove curse
 n - a scroll of random uselessness
Potions
 e - a potion of resistance
Comestibles
 f - 6 rations
 r - 2 chunks of flesh


   Skills:
 + Level 3.6 Fighting
 * Level 3.9 Maces & Flails
 * Level 4.4 Armour
 + Level 0.6 Dodging
 + Level 4.0 Shields


You had 4 spell levels left.
You didn't know any spells.
Your spell library was empty.

Dungeon Overview and Level Annotations

Branches:
Dungeon (4/15)
 Temple: D:4-7

Altars:
Dithmenos
Okawaru


Innate Abilities, Weirdness & Mutations

You are resistant to torment.
Your stone body is resilient. (AC +4)
You are immune to poison.
You resist negative energy. (rN+)
You are resistant to electric shocks. (rElec)
You can survive without breathing.
You are immune to petrification.
You are immune to rotting.
You have a pair of small horns on your head.
Your body sometimes deteriorates upon taking damage.
Your spells are a little harder to cast, but a little more powerful.


Message History

The ogre is moderately wounded.
You block the ogre's attack.
You hit the ogre.
The ogre is heavily wounded.
The ogre hits you with a +0 giant club!
* * * LOW HITPOINT WARNING * * *
It was a potion of cancellation.
Your magical effects are unravelling.
You feel magically purged.
You feel less wooden.
Your +0 scale mail unmelds from your body.
You feel a little less agile now.
Your resistance to elements expires.
The ogre barely misses you.
It was a potion of haste.
You feel yourself speed up. The ogre barely misses you.
It was a potion of curing.
You feel better.
You barely miss the ogre.
The ogre is heavily wounded.
The ogre hits you with a +0 giant club!
You die...

#....
#.... #
#.... .#
....# #.
#...##.
.....
#O.# #.@#
(P......#
.♣.♣.....
♣.P.##..
♣♣P. ##.
♣♣P #? ♣
#. ..


You could see an ogre.

Vanquished Creatures
  4 gnolls (D:2)
  4 adders
  2 worms (D:2)
  3 leopard geckos
  9 orcs (D:3)
  2 ball pythons
  3 giant cockroaches
  7 goblins
  7 hobgoblins
  4 jackals (D:3)
  7 kobolds
  A quokka (D:2)
  4 bats
  7 frilled lizards
  12 rats
76 creatures vanquished.

Notes
Turn   | Place    | Note
-------+----------+-------------------------------------------
     0 | D:1      | markt42 the Gargoyle Fighter began the quest for the Orb.
     0 | D:1      | Reached XP level 1. HP: 14/14 MP: 1/1
   195 | D:1      | Reached XP level 2. HP: 17/19 MP: 2/2
   663 | D:1      | Reached XP level 3. HP: 23/23 MP: 3/3
   907 | D:2      | Reached XP level 4. HP: 5/28 MP: 4/4
  1412 | D:2      | Found an iron altar of Okawaru.
  1425 | D:2      | Became a worshipper of Warmaster Okawaru
  1670 | D:3      | Found a shadowy altar of Dithmenos.
  1736 | D:3      | Reached XP level 5. HP: 24/32 MP: 5/5
  2381 | D:4      | Noticed an ogre
  2383 | D:4      | Gained mutation: Your body sometimes deteriorates upon
                  | taking damage. [potion of mutation]
  2383 | D:4      | Gained mutation: You have a pair of small horns on your
                  | head. [potion of mutation]
  2383 | D:4      | Gained mutation: Your spells are a little harder to cast,
                  | but a little more powerful. [potion of mutation]
  2392 | D:4      | HP: 2/48 [ogre/+0 giant club (14)]
  2396 | D:4      | Slain by an ogre

Levels and vault maps discovered:
D:1:      minmay_arrival_four_houses, layout_loops_corners
D:2:      layout_loops_ring, okawaru_trees_1
D:3:      layout_loops_ring, serial_bayou_pond_b, chequers_garden,
          nicolae_dithmenos_through_a_glass_darkly
D:4:      layout_layer_cave, serial_forest, infiniplex_forest_clump_diagonal,
          infiniplex_forest_lined_ring, infiniplex_forest_corner_1,
          infiniplex_forest_corner_1, infiniplex_forest_end_2,
          infiniplex_forest_clump_long, nicolae_ossuary_entry_catacombs,
          minmay_a_box_with_orc_wizards_in_it

Skill      XL: |  1  2  3  4  5 |
---------------+----------------+-----
Armour         | 4 |  4.4
Maces & Flails | 3 |  3.9
Shields        | 4 |  4.0
Fighting       | |  3.6
Dodging        | |  0.6

Action                   |  1- 3 |  4- 6 || total
-------------------------+-------+-------++-------
Melee: Flail             |   103 |   129 ||   232
  Use: Potion            |     2 |     7 ||     9
       Scroll            |       |     6 ||     6
  Eat: Chunk             |       |     5 ||     5
Armor: Scale mail        |    62 |    63 ||   125
Dodge: Dodged            |    26 |    36 ||    62
Block: Shield            |    56 |    60 ||   116
